 Dungeon Crawl Stone Soup version 0.31-a0-672-g7da72447bb (webtiles) character file.

Game seed: 16670763962638393385

18067 AiryTheDragon the Fighter (level 12, -2/66 HPs)
             Began as a Demonspawn Gladiator on Sept 4, 2023.
             Was a Priest of Hepliaklqana.
             Slain by a steelbarb worm (18 damage)
             ... on level 1 of the Spider Nest.
             The game lasted 02:31:50 (12643 turns).

AiryTheDragon the Fighter (Demonspawn Gladiator)   Turns: 12643, Time: 02:31:51

Health: -2/66      AC: 19    Str: 15    XL:     12   Next: 24%
Magic:  4/20       EV: 21    Int: 20    God:    Hepliaklqana [***...]
Gold:   104        SH:  5    Dex: 15    Spells: 0/22 levels left

rFire   . . .        F - melded +1 trident (venom)
rCold   . . .        I - melded +0 buckler
rNeg    + . .        H - +2 ring mail {rN+}
rPois   .            d - +0 helmet
rElec   .            v - +1 cloak
rCorr   .            n - +3 pair of gauntlets of War {Slay+5}
SInv    .            (boots unavailable)
Will    .....        p - amulet of reflection
Stlth   +            x - +6 ring of intelligence
HPRegen 0.31/turn    s - +5 ring of evasion
MPRegen 0.17/turn

%: repel missiles, reflection
@: mighty, ice-armoured, flux-form, weak-willed, spiked, very slightly
contaminated, glowing, studying Fighting
A: glow, contaminating, reduced hp, reduced essence, hooves 3, repulsion field
3, spiny 1
a: Begin Untransformation, Renounce Religion, Recall Ancestor, Ancestor
Identity, Transference


You were on level 1 of the Spider Nest.
You worshipped Hepliaklqana.
Hepliaklqana was most pleased with you.
You were something dangerously unstable.
You visited 4 branches of the dungeon, and saw 13 of its levels.
You also visited: Bailey.

You collected 843 gold pieces.
You spent 739 gold pieces at shops.

Inventory:

Hand Weapons
 l - a +2 short sword of flaming
 q - a +0 great mace of protection
 E - a +3 dagger of venom
 F - a +1 trident of venom (melded)
 K - a +3 quarterstaff
 P - a +2 heavy hand axe
 W - a +5 heavy spear
 Z - a +0 long sword of flaming
Missiles
 e - 26 javelins
 j - 2 boomerangs
 r - 2 throwing nets
 u - 8 poisoned darts
 C - a curare-tipped dart
 V - 4 silver javelins
Armour
 a - +1 steam dragon scales
 d - a +0 helmet (worn)
 n - the +3 pair of gauntlets of War (worn) {Slay+5}
   (You bought it in a shop on level 4 of the Dungeon)

   Slay+5:    It affects your accuracy & damage with ranged weapons and melee
   (+5).
 t - a +0 tower shield
 v - a +1 cloak (worn)
 H - a +2 ring mail of positive energy (worn)
 I - a +0 buckler (melded)
 U - a +1 ring mail of cold resistance
Magical Staves
 i - a staff of poison
Jewellery
 h - a ring of positive energy
 m - an amulet of regeneration
 p - an amulet of reflection (around neck)
 s - a +5 ring of evasion (right hand)
 x - a +6 ring of intelligence (left hand)
 B - a ring of protection from cold
 N - a ring of magical power
 Q - a ring of ice
Talismans
 f - a flux talisman (active)
 z - a blade talisman
Wands
 S - a wand of digging (5)
Scrolls
 b - 2 scrolls of poison
 c - a scroll of noise
 o - 2 scrolls of amnesia
 G - 2 scrolls of fear {unknown}
 J - 2 scrolls of immolation
 L - 3 scrolls of fog {unknown}
 M - 2 scrolls of teleportation {unknown}
 O - a scroll of silence {unknown}
 R - 2 scrolls of butterflies {unknown}
 T - a scroll of revelation {unknown}
Potions
 k - 4 potions of might
 A - a potion of ambrosia {unknown}
 D - 3 potions of lignification
 Y - 2 potions of enlightenment {unknown}


   Skills:
 * Level 8.0 Fighting
 + Level 0.2 Short Blades
 + Level 5.0(5.7) Axes
 + Level 4.2(5.4) Polearms
 + Level 2.4 Throwing
 + Level 4.6 Armour
 + Level 5.0 Dodging
 + Level 2.3 Stealth
 + Level 3.8 Shields
 * Level 3.4 Unarmed Combat
 + Level 5.9 Spellcasting
 + Level 4.2 Conjurations
 * Level 3.1 Hexes
 + Level 5.4 Summonings
 + Level 3.0 Translocations
 * Level 5.4 Ice Magic
 + Level 2.0 Poison Magic
 + Level 5.5 Invocations
 + Level 5.3 Evocations
 * Level 5.0 Shapeshifting


You couldn't memorise any spells.
You knew the following spells:

 Your Spells              Type           Power      Damage    Failure   Level
a - Magic Dart            Conj           92%        1d7       3%          1
b - Summon Small Mammal   Summ           100%       N/A       1%          1
c - Ozocubu's Armour      Ice            27%        N/A       6%          3
d - Frozen Ramparts       Ice            54%        1d9       6%          3
e - Iskenderun's Mystic   Conj/Tloc      20%        2d6       41%         4
f - Tukima's Dance        Hex            18%        N/A       16%         3
g - Summon Ice Beast      Ice/Summ       27%        N/A       22%         4
h - Hailstorm             Conj/Ice       25%        3d7       9%          3

Your spell library contained the following spells:

 Spells                   Type           Power      Damage    Failure   Level
 Momentum Strike          Conj/Tloc      40%        3d9       7%          2
 Kiss of Death            Conj/Necr      56%        2d9       9%          1
 Blink                    Tloc           36%        N/A       9%          2
 Lesser Beckoning         Tloc           36%        N/A       9%          2
 Confusing Touch          Hex            18%        N/A       16%         3
 Portal Projectile        Hex/Tloc       36%        N/A       16%         3
 Sandblast                Erth           10%        2d5       21%         1
 Passage of Golubria      Tloc           18%        N/A       50%         4
 Metabolic Englaciation   Hex/Ice        11%        N/A       67%         5
 Animate Dead             Necr           5%         N/A       89%         4
 Dispel Undead            Necr           5%         3d7       89%         4
 Petrify                  Tmut/Erth      5%         N/A       89%         4
 Yara's Violent Unravell  Hex/Tmut       6%         3d5       95%         5
 Borgnjor's Vile Clutch   Necr/Erth      2%         N/A       99%         5
 Death Channel            Necr           2%         N/A       100%        6
 Simulacrum               Ice/Necr       8%         N/A       100%        6
 Ozocubu's Refrigeration  Ice            13%        4d10      100%        7


Dungeon Overview and Level Annotations

Branches:
Dungeon (9/15)             Temple (1/1) D:4            Lair (2/5) D:8
  Swamp (0/4) Lair:2       Spider (1/4) Lair:2       Bailey (visited)
    Orc: D:9-12

Altars:
Ashenzari
Cheibriados
Dithmenos
Fedhas
Gozag
Hepliaklqana
Kikubaaqudgha
Makhleb
Nemelex Xobeh
Okawaru
Qazlal
Ru
Sif Muna
Trog
Uskayaw
Vehumet
Wu Jian
Xom
Yredelemnul

Shops:
D:4 *[=


Innate Abilities, Weirdness & Mutations

You are something dangerously unstable.
You glow with magical radiation, making you easy to see and hit.
Foes you strike become dangerously contaminated with magical radiation.
Your maximum health is decreased, since you lack skill for your form.
You are incapable of wielding weapons or throwing items.
Your life essence is reduced to manifest your ancestor. (-10% HP)
You have hooves in place of feet.
You are surrounded by a strong repulsion field. (EV +4, RMsl)
You are partially covered in sharp spines.


Message History

The radroach claws you!
Casting: Frozen Ramparts (dangerous; 6% risk of failure)
Confirm with . or Enter, or press ? or * to list all spells.
You miscast Summon Ice Beast.
You are very lightly contaminated with residual magic.
Heat is drained from your body!
* * * LOW HITPOINT WARNING * * *
A culicivora comes into view.
The steelbarb worm hits you.
* * * LOW HITPOINT WARNING * * *
Barbed spikes become lodged in your body.
The radroach is struck by your spines.
The radroach bites you but does no damage.
The radroach claws you but does no damage.
As you read the scroll labelled ALLY LUTUISH, it crumbles to dust.
It is a scroll of enchant weapon.
Your +0 trident of venom glows red for a moment.
The culicivora's many legs skitter faintly.
The steelbarb worm completely misses you.
The radroach is struck by your spines. The radroach completely misses you.
The radroach claws you.
* * * LOW HITPOINT WARNING * * *
The steelbarb worm hits you but does no damage.
Okay, then.
You feel better.
A redback comes into view.
You block the steelbarb worm's attack.
The radroach bites you but does no damage.
The radroach completely misses you.
Okay, then.
As you read the scroll labelled MEIMPEDOMP, it crumbles to dust.
Magic quickly surges around you.
It was a scroll of vulnerability.
The steelbarb worm hits you but does no damage.
The radroach closely misses you. The radroach claws you.
* * * LOW HITPOINT WARNING * * *
Unknown command.
As you read the scroll labelled LIVEID WAIVOU, it crumbles to dust.
The creatures around you are filled with an inner flame!
It was a scroll of immolation.
The steelbarb worm hits you!!
You die...

## ##### .. #.##...###
... ##........## #..?
#.........^# #...#
#..........## #....#
##........B###......
#>...<...Bws.......#
#....##..........$#
#...†.#...†.........
#...#..#...#...s.....
.........##.....#......
...#. #.#.#............
.. .. ....[.....(#.....
. .. ..#..............


You could see a radroach (inner flame, contam, weak-willed), a steelbarb worm
(inner flame, weak-willed), a culicivora (inner flame, weak-willed) and a
redback (inner flame, weak-willed).

Vanquished Creatures
  A two-headed ogre (D:8)
  The ghost of 0gre the Frost Mage, a novice GnIE of Gozag (D:8)
  A bog body (Lair:2)
  A moth of wrath (Spider:1)
  Joseph (D:9)
  A black mamba (Lair:1)
  3 cane toads
  Maggie (D:9)
  Grinder (D:3)
  A hornet (D:7)
  4 blink frogs (Lair:1)
  A jumping spider (Lair:2)
  A culicivora (Spider:1)
  4 yaks (Lair:2)
  A wyvern (D:6)
  5 redbacks
  2 acid dragons
  2 water moccasins
  2 ice beasts
  11 orc warriors
  11 centaurs
  A phantom (D:6)
  A kobold brigand (D:4)
  3 gnoll sergeants
  5 bullfrogs
  A scorpion (D:6)
  A wight (D:7)
  3 killer bees (D:9)
  A howler monkey (D:7)
  A jelly (D:7)
  A gnoll bouda (D:6)
  5 orc priests
  3 sleepcaps
  4 hounds
  Jessica (D:2)
  5 iguanas
  3 orc wizards
  Robin (D:2)
  13 gnolls
  7 adders
  4 white imps
  An ufetubus (D:4)
  2 worms (D:2)
  A dart slug (D:5)
  42 orcs
  7 endoplasms
  6 giant cockroaches
  18 goblins
  8 hobgoblins
  7 jackals
  7 kobolds
  8 quokkas
  5 ball pythons
  5 bats
  5 frilled lizards
  6 rats
248 creatures vanquished.

Vanquished Creatures (collateral kills)
  A bog body (Lair:2)
  A cane toad (Lair:2)
  A komodo dragon (Lair:2)
  A tarantella (Spider:1)
  4 blink frogs (Lair:1)
  5 yaks (Lair:2)
  6 water moccasins
  A black bear (Lair:2)
  A centaur (Bailey)
  A killer bee (D:9)
  An adder (D:6)
  5 gnolls
  A worm (D:2)
  An orc (Bailey)
  A goblin (D:2)
31 creatures vanquished.

Vanquished Creatures (others)
  3 ancestors (D:8)
  2 knights
  An orc (D:5)
6 creatures vanquished.

Grand Total: 285 creatures vanquished

Notes
Turn   | Place    | Note
-------+----------+-------------------------------------------
     0 | D:1      | AiryTheDragon the Demonspawn Gladiator began the quest for
                  | the Orb.
     0 | D:1      | Reached XP level 1. HP: 16/16 MP: 1/1
   151 | D:1      | Gained mutation: You are surrounded by a mild repulsion
                  | field. (EV +2) [demonic ancestry]
   151 | D:1      | Reached XP level 2. HP: 10/22 MP: 2/2
   339 | D:1      | Got A Beginning Course on Incantation
   427 | D:1      | Learned a level 1 spell: Magic Dart
   506 | D:1      | Gained mutation: You are surrounded by a moderate repulsion
                  | field. (EV +3) [demonic ancestry]
   506 | D:1      | Reached XP level 3. HP: 27/27 MP: 3/3
   521 | D:1      | Learned a level 1 spell: Summon Small Mammal
  1148 | D:2      | Noticed Jessica
  1158 | D:2      | Killed Jessica
  1159 | D:2      | Reached skill level 1 in Spellcasting
  1159 | D:2      | Reached XP level 4. HP: 31/33 MP: 0/5
  1174 | D:2      | Noticed Robin
  1237 | D:2      | Killed Robin
  1352 | D:2      | Found an ornate altar of the Wu Jian Council.
  1586 | D:3      | Noticed Grinder
  1614 | D:3      | HP: 1/34 [Grinder/nerve-wracking pain (13)]
  1615 | D:3      | Paralysed by Grinder for 3 turns
  1623 | D:3      | Killed Grinder
  1624 | D:3      | Reached skill level 1 in Armour
  1624 | D:3      | Gained mutation: You are surrounded by a strong repulsion
                  | field. (EV +4, RMsl) [demonic ancestry]
  1624 | D:3      | Reached XP level 5. HP: 34/40 MP: 5/7
  1624 | D:3      | Gained mutation: You are partially covered in sharp spines.
                  | [demonic ancestry]
  1624 | D:3      | Reached XP level 6. HP: 39/46 MP: 5/8
  1748 | D:3      | Reached skill level 3 in Fighting
  2454 | D:4      | Reached skill level 1 in Summonings
  2498 | D:4      | Found Mokomp's Armour Shoppe.
  2558 | D:4      | Found Loger's Jewellery Shoppe.
  2603 | D:4      | Found a staircase to the Ecumenical Temple.
  2616 | D:4      | Found an iron altar of Okawaru.
  2648 | D:4      | Reached skill level 1 in Conjurations
  2660 | D:4      | Found Runewugu's General Store.
  2767 | D:4      | Reached XP level 7. HP: 52/52 MP: 9/9
  2834 | D:4      | Learned a level 3 spell: Ozocubu's Armour
  2895 | D:4      | Reached skill level 1 in Poison Magic
  2940 | D:4      | Learned a level 3 spell: Frozen Ramparts
  3032 | D:4      | Reached skill level 5 in Axes
  3122 | D:4      | Bought a +2 ring mail of positive energy for 180 gold
                  | pieces
  3122 | D:4      | Bought a +0 buckler for 45 gold pieces
  3209 | D:5      | Entered Level 5 of the Dungeon
  3421 | D:5      | Found a blossoming altar of Fedhas.
  3976 | Temple   | Entered the Ecumenical Temple
  4114 | D:6      | Reached skill level 1 in Polearms
  4115 | D:6      | Gained mutation: You have large cloven feet. [demonic
                  | ancestry]
  4115 | D:6      | Reached XP level 8. HP: 40/58 MP: 9/11
  4295 | D:6      | Reached skill level 1 in Ice Magic
  4295 | D:6      | Reached skill level 1 in Shapeshifting
  4352 | D:6      | Reached skill level 1 in Evocations
  4804 | D:7      | Found a shimmering blue altar of Sif Muna.
  4804 | D:7      | Found a hazy altar of Hepliaklqana.
  4820 | D:7      | Became a worshipper of Hepliaklqana the Forgotten
  4891 | D:7      | Found a flagged portal.
  4914 | D:7      | Reached skill level 1 in Shields
  4945 | Bailey   | Entered a bailey
  5144 | Bailey   | Reached XP level 9. HP: 18/64 MP: 10/13
  5364 | Bailey   | HP: 1/64 [orc warrior/+0 glaive (14)]
  5705 | Bailey   | Reached skill level 1 in Invocations
  6173 | Bailey   | Reached skill level 4 in Fighting
  6461 | Bailey   | Learned a level 4 spell: Iskenderun's Mystic Blast
  6461 | Bailey   | Reached skill level 6 in Fighting
  6461 | Bailey   | Gained mutation: You have hoof-like feet. [demonic
                  | ancestry]
  6461 | Bailey   | Reached XP level 10. HP: 76/76 MP: 14/16
  6956 | D:7      | Reached * piety under Hepliaklqana
  7036 | D:7      | Found a shadowy altar of Dithmenos.
  7040 | D:7      | Found a broken altar of Ashenzari.
  7040 | D:7      | Found an ornate altar of the Wu Jian Council.
  7040 | D:7      | Found a sacrificial altar of Ru.
  7043 | D:7      | Found a radiant altar of Vehumet.
  7044 | D:7      | Found a hide-covered altar of Uskayaw.
  7045 | D:7      | Found a snail-covered altar of Cheibriados.
  7415 | D:8      | Found a staircase to the Lair.
  7428 | D:8      | Gained mutation: You have hooves in place of feet. [demonic
                  | ancestry]
  7428 | D:8      | Reached XP level 11. HP: 45/72 MP: 9/17
  7509 | D:8      | Found a runed translucent door.
  7800 | D:8      | Reached skill level 5 in Invocations
  7990 | D:8      | Noticed a two-headed ogre
  8080 | D:8      | Killed a two-headed ogre
  8298 | D:8      | Learned a level 3 spell: Tukima's Dance
  8312 | D:8      | Reached ** piety under Hepliaklqana
  8313 | D:8      | Remembered your ancestor Leofric as a knight
  8593 | D:8      | Noticed 0gre's ghost (novice GnIE)
  8611 | D:8      | Killed 0gre's ghost
  8612 | D:8      | Reached skill level 1 in Unarmed Combat
  9011 | D:9      | Noticed Maggie
  9028 | D:9      | Killed Maggie
  9108 | D:9      | Reached skill level 5 in Evocations
  9628 | D:9      | Noticed Joseph
  9638 | D:9      | Killed Joseph
  9639 | D:9      | Reached skill level 5 in Spellcasting
  9723 | Lair:1   | Entered Level 1 of the Lair of Beasts
  9926 | Lair:1   | Reached *** piety under Hepliaklqana
 10126 | Lair:1   | Learned a level 4 spell: Summon Ice Beast
 10294 | Lair:1   | Reached skill level 7 in Fighting
 10592 | Lair:1   | Reached skill level 1 in Hexes
 10969 | Lair:2   | Reached skill level 5 in Summonings
 11276 | D:4      | Bought the +3 pair of gauntlets of War {Slay+5} for 475
                  | gold pieces
 11276 | D:4      | Found the +3 pair of gauntlets of War {Slay+5}
 11337 | D:4      | Bought a potion of curing for 39 gold pieces
 11460 | Lair:2   | Found a hole to the Spider Nest.
 11499 | Lair:2   | Noticed a bog body
 11500 | Lair:2   | Noticed a bog body
 11502 | Lair:2   | Found a staircase to the Swamp.
 11507 | Lair:2   | Killed a bog body
 11510 | Lair:2   | Killed a bog body
 11511 | Lair:2   | Reached skill level 5 in Dodging
 11511 | Lair:2   | Reached skill level 5 in Ice Magic
 11511 | Lair:2   | Reached XP level 12. HP: 36/81 MP: 10/20
 11515 | Lair:2   | Learned a level 3 spell: Hailstorm
 11732 | Lair:2   | Reached **** piety under Hepliaklqana
 11881 | Lair:2   | Reached skill level 5 in Shapeshifting
 12514 | Spider:1 | Entered Level 1 of the Spider Nest
 12596 | Spider:1 | Reached skill level 8 in Fighting
 12617 | Spider:1 | Noticed a radroach
 12643 | Spider:1 | Slain by a steelbarb worm

Illustrated notes

Levels and vault maps discovered:
D:1:      dpeg_arrival_tiny_k, layout_loops_ring, item_on_display_a
D:2:      layout_basic, basic_altar, uniq_robin, uniq_jessica
D:3:      layout_basic, reono_crystal_passage, uniq_grinder
D:4:      layout_loops_ring, kennysheep_mini_moat,
          minmay_temple_entry_from_below_a, serial_shops, shop, shop, shop,
          grunt_tough_drop
D:5:      layout_basic, mainiacjoe_overflow_boulevard
D:6:      layout_rooms, kennysheep_cross_room, minmay_misc_feat_more_columns,
          minivault_1
D:7:      layout_basic, minitemple, jmf_multi_god_temple, enter_bailey_5
D:8:      layout_gridville, dpeg_oklobed_lair, ebering_ghost_reflecting_pool
D:9:      layout_long_grid, uniq_joseph, uniq_maggie
Temple:   zaba_magenta_temple
Lair:1:   layout_gridlike, serial_bayou_shore_b, lemuel_fruit_tree
Lair:2:   layout_hall_layers, skrybe_swamp_entry_bodies, spider_nest_entry_a,
          minmay_holes
Spider:1: layout_spider_delve, drop_trap

Skill      XL: |  1  2  3  4  5  6  7  8  9 10 11 12 |
---------------+-------------------------------------+-----
Dodging        | 3 4 5 |  5.0
Axes           | 3 4 5 |  5.0
Spellcasting   | 1 2 4 5 |  5.9
Throwing       | 2 |  2.4
Armour         | 1 2 3 4 |  4.6
Fighting       | 3 6 7 8 |  8.0
Summonings     | 1 2 3 5 |  5.4
Conjurations   | 1 3 4 |  4.2
Poison Magic   | 1 2 |  2.0
Polearms       | 1 2 4 |  4.2
Ice Magic      | 2 4 5 |  5.4
Shapeshifting  | 2 4 5 |  5.0
Evocations     | 2 4 5 |  5.3
Shields        | 1 3 |  3.8
Invocations    | 4 5 |  5.5
Stealth        | 2 |  2.3
Translocations | 2 3 |  3.0
Unarmed Combat | 2 3 |  3.4
Hexes          | 2 3 |  3.1
Short Blades   | |  0.2

Action                     |  1- 3 |  4- 6 |  7- 9 | 10-12 || total
---------------------------+-------+-------+-------+-------++-------
  Melee: War axe           |   127 |   151 |       |       ||   278
         Punch             |       |     2 |       |       ||     2
         Trident           |       |     2 |   320 |    22 ||   344
         Short sword       |       |       |    24 |       ||    24
         Unarmed           |       |       |       |   204 ||   204
         Kick              |       |       |       |    97 ||    97
  Throw: Throwing net      |     3 |       |       |       ||     3
         Javelin           |     1 |     2 |     1 |       ||     4
         Dart              |       |    10 |     2 |       ||    12
   Cast: Summon Small Mamm |     4 |    12 |    92 |   107 ||   215
         Magic Dart        |     2 |     1 |     7 |     9 ||    19
         Frozen Ramparts   |       |       |     4 |    16 ||    20
         Ozocubu's Armour  |       |       |       |     6 ||     6
         Summon Ice Beast  |       |       |       |    13 ||    13
 Invoke: Ancestor Life: Kn |       |       |       |     1 ||     1
         Transference      |       |       |       |     2 ||     2
  Evoke: Wand              |       |     3 |     6 |     4 ||    13
    Use: Potion            |       |     4 |     4 |     7 ||    15
         Scroll            |       |       |     3 |     8 ||    11
   Stab: Distracted        |       |     1 |     1 |       ||     2
 Armour: Leather armour    |    28 |       |       |       ||    28
         Plate armour      |    49 |       |       |       ||    49
         Ring mail         |    24 |    93 |   201 |   125 ||   443
  Dodge: Dodged            |    88 |   128 |   302 |   214 ||   732
         Repelled          |       |       |     3 |     1 ||     4
  Block: Buckler           |       |       |   167 |    14 ||   181
         Reflection        |       |       |       |     3 ||     3
         Other             |       |       |       |    64 ||    64
   Form: Flux              |       |       |     1 |     1 ||     2
                           |       |       |     1 |       ||     1

Table legend: (Time is in decaauts)
 A = Elapsed time spent in this place.
 B = Non-inter-level travel time spent in this place.
 C = Inter-level travel time spent in this place.
 D = Time resting spent in this place.
 E = Time spent auto-exploring this place.
 F = Levels seen in this place.
 G = Mean time per level.
                   A        B        C        D        E       F      G
               +--------+--------+--------+--------+--------+-----+--------+
         Total |  12795 |  12003 |    792 |    673 |   8275 |  14 |  913.9 |
       Dungeon |   8494 |   7853 |    641 |    116 |   5901 |   9 |  943.8 |
        Temple |      1 |      1 |      0 |      0 |      0 |   1 |    1.0 |
          Lair |   2541 |   2390 |    151 |     47 |   2000 |   2 | 1270.5 |
   Spider Nest |    127 |    127 |      0 |      0 |     80 |   1 |  127.0 |
        Bailey |   1631 |   1631 |      0 |    510 |    293 |   1 | 1631.0 |
               +--------+--------+--------+--------+--------+-----+--------+

Top non-repeatable levels by time:
  Bailey: 1631 daAuts
     D:8: 1488 daAuts
  Lair:2: 1452 daAuts
     D:7: 1172 daAuts
  Lair:1: 1088 daAuts
     D:4: 1046 daAuts
     D:1: 966 daAuts
     D:9: 926 daAuts
     D:5: 794 daAuts
     D:3: 753 daAuts
     D:2: 686 daAuts
     D:6: 659 daAuts
Spider:1: 127 daAuts
  Temple: 1 daAuts
